 Dungeon Crawl Stone Soup version 0.29-a0-19-gef7f3e67aa (webtiles) character file.

Game seed: 13098452737466944124

613 Nattfarinn the Magician (level 7, -19/52 HPs)
             Began as a Djinni Venom Mage on Jan 29, 2022.
             Demolished by Duvessa (21 damage)
             ... on level 4 of the Dungeon.
             The game lasted 00:10:23 (6080 turns).

Nattfarinn the Magician (Djinni Venom Mage)         Turns: 6080, Time: 00:10:24

Health: -19/52     AC:  3    Str:  9    XL:     7   Next: 72%
Gold:   174        EV: 16    Int: 17    God:
                   SH:  0    Dex: 13

rFire   + + .      SeeInvis .   o - +1 dagger (elec)
rCold   x . .      Faith    .   (no shield)
rNeg    . . .      Spirit   .   a - +0 robe
rPois   ∞          Reflect  .   j - +1 hat
rElec   .          Harm     .   (no cloak)
rCorr   .          Rampage  .   (no gloves)
Will    .....                   (boots unavailable)
Stlth   ++........              (no amulet)
HPRegen 0.17/turn               b - +4 ring of evasion
MPRegen 0.00/turn               (no ring)

@: on blink cooldown, flying
A: sickness immunity, fire resistance 2, cold vulnerability 1, float, innate
caster, HP casting, extra vitality 1
a: no special abilities


You were on level 4 of the Dungeon.
You visited 1 branch of the dungeon, and saw 4 of its levels.

You collected 174 gold pieces.

Inventory:

Hand Weapons
 l - a +1 dagger of venom
 o - a +1 dagger of electrocution (weapon)
Armour
 a - a +0 robe (worn)
 j - a +1 hat (worn)
Jewellery
 b - a +4 ring of evasion (left hand)
Scrolls
 d - a scroll of magic mapping {unknown}
 e - a scroll of enchant weapon {unknown}
 f - a scroll of teleportation {unknown}
 g - a scroll of amnesia {unknown}
 h - a scroll of identify {unknown}
 k - a scroll of blinking {unknown}
 m - a scroll of enchant armour {unknown}
Potions
 c - a potion of brilliance
 i - a potion of heal wounds {unknown}
 n - 3 potions of mutation


   Skills:
 + Level 4.2 Fighting
 - Level 2.1 Dodging
 - Level 1.5 Stealth
 * Level 5.4 Spellcasting


You had one spell level left.
You knew the following spells:

 Your Spells              Type           Power      Damage    Failure   Level
a - Sting                 Tmut/Pois      92%        1d7       1%          1
b - Poisonous Vapours     Pois/Air       46%        N/A       2%          2
c - Mephitic Cloud        Conj/Pois/Air  23%        N/A       4%          3
d - Olgreb's Toxic Radia  Pois           23%        N/A       14%         4
e - Summon Small Mammal   Summ           92%        N/A       1%          1
f - Blink                 Tloc           46%        N/A       2%          2
g - Call Imp              Summ           23%        N/A       2%          2
Your spell library was empty.

Dungeon Overview and Level Annotations

Branches:
Dungeon (4/15)
 Temple: D:4-7

Altars:
Fedhas
Kikubaaqudgha
Zin

Shops:
D:1 [

Annotations:
D:4 Duvessa


Innate Abilities, Weirdness & Mutations

You are immune to sickness and miasma.
You are immune to poison.
Your flesh is very heat resistant. (rF++)
You are vulnerable to cold. (rC-)
You float through the air rather than walking.
You learn spells naturally, not from books.
Your magical power is your life essence.
You have superior vitality. (+4 MHP)


Message History

Duvessa hits you with a +0 rapier.
You barely miss Duvessa.
Duvessa is heavily wounded.
Duvessa closely misses you.
You hit Duvessa but do no damage.
Duvessa is heavily wounded.
You barely miss Duvessa.
Duvessa is severely wounded.
You barely miss Duvessa.
Duvessa is severely wounded.
Duvessa hits you with a +0 rapier! Duvessa closely misses you.
You barely miss Duvessa.
Duvessa is severely wounded.
You hit Duvessa but do no damage.
Duvessa is severely wounded.
Duvessa completely misses you.
You catch the helpless Duvessa completely off-guard!
You hit Duvessa but do no damage.
Duvessa is severely wounded.
You hit Duvessa but do no damage.
Duvessa is severely wounded.
Duvessa hits you with a +0 rapier!
* * * LOW HITPOINT WARNING * * *
You hit Duvessa.
Duvessa is severely wounded.
Duvessa closely misses you.
You hit Duvessa but do no damage.
Duvessa is severely wounded.
Duvessa completely misses you.
You hit Duvessa.
Duvessa is almost dead.
Duvessa seems less confused.
Duvessa misses you.
Okay, then.
Casting: Mephitic Cloud (dangerous; 4% risk of failure)
Confirm with . or Enter, or press ? or * to list all spells.
You blink.
* * * LOW HITPOINT WARNING * * *
Duvessa rages.
Duvessa hits you with a +0 rapier!!
You die...

......##.#.#######.#
.........#.#.....#.#
###...#..#...#.#.#.#####
#...#..#.............#
##...#..#.#.##..#.###.#
#.......#.......#.# #.#
#.####.####....##.# #.#
##.#.......)######.# #.#
...............e@.># #.#
...###..###.######## #.#
...# ##.# #.# #.# ....
...##.# #.# ....
....##.# #.#
.........##.##########.#
.#.##....##............#
.#.# #.############ #)#


You could see Duvessa (berserk, very poisoned).

Vanquished Creatures
  A sky beast (D:3)
  An ogre (D:4)
  Dowan (D:4)
  An iguana (D:4)
  6 orc wizards
  Robin (D:4)
  3 gnolls (D:3)
  5 adders
  3 river rats (D:3)
  3 worms (D:3)
  A dart slug (D:3)
  10 orcs
  4 bats
  8 endoplasms
  3 giant cockroaches
  12 goblins
  10 hobgoblins
  7 jackals (D:3)
  4 kobolds
  2 quokkas (D:3)
  5 ball pythons
  A frilled lizard (D:1)
  7 rats
99 creatures vanquished.

Vanquished Creatures (others)
  4 plants (D:4)
  4 withered plants (D:4)
8 creatures vanquished.

Grand Total: 107 creatures vanquished

Notes
Turn   | Place    | Note
-------+----------+-------------------------------------------
     0 | D:1      | Nattfarinn the Djinni Venom Mage began the quest for the
                  | Orb.
     0 | D:1      | Reached XP level 1. HP: 15/15 MP: 0/0
   504 | D:1      | Reached XP level 2. HP: 20/22 MP: 0/0
   667 | D:1      | Found a faded altar of an unknown god.
   968 | D:1      | Reached skill level 1 in Fighting
  1094 | D:1      | Found Peddea's Armour Boutique.
  1320 | D:1      | Reached XP level 3. HP: 25/27 MP: 0/0
  1320 | D:1      | Learned a level 1 spell: Summon Small Mammal
  1460 | D:2      | Reached skill level 3 in Spellcasting
  2259 | D:3      | Reached XP level 4. HP: 14/32 MP: 0/0
  3261 | D:3      | Reached XP level 5. HP: 18/38 MP: 0/0
  3261 | D:3      | Learned a level 2 spell: Blink
  3738 | D:3      | Reached skill level 4 in Spellcasting
  4064 | D:3      | Noticed a sky beast
  4077 | D:3      | Killed a sky beast
  4078 | D:3      | Reached XP level 6. HP: 36/46 MP: 0/0
  5070 | D:4      | Found a blossoming altar of Fedhas.
  5106 | D:4      | Noticed an ogre
  5121 | D:4      | Killed an ogre
  5122 | D:4      | Reached skill level 5 in Spellcasting
  5122 | D:4      | Reached XP level 7. HP: 45/51 MP: 0/0
  5122 | D:4      | Learned a level 2 spell: Call Imp
  5239 | D:4      | Found a glowing silver altar of Zin.
  5259 | D:4      | Noticed Robin
  5269 | D:4      | Killed Robin
  5435 | D:4      | Gained mutation: Your mind is acute. (Int +2) [potion of
                  | mutation]
  5435 | D:4      | Lost mutation: Your mind is acute. (Int +2) [potion of
                  | mutation]
  5440 | D:4      | HP: 2/52 [orc wizard (1)]
  6017 | D:4      | Noticed Dowan
  6033 | D:4      | Killed Dowan
  6061 | D:4      | Noticed Duvessa
  6080 | D:4      | Demolished by Duvessa

Illustrated notes

Levels and vault maps discovered:
D:1:      psy_arrival_fountain, layout_basic,
          hellmonk_ecumenical_altar_arch_garden, serial_shops, shop,
          minmay_statues_item
D:2:      layout_basic
D:3:      layout_basic, portal_sewer_entry_e
D:4:      layout_basic, grunt_temple_overflow_growth_and_decay,
          mainiacjoe_overflow_brackets, serial_shops,
          nicolae_shop_hallway_stairs, uniq_duvessa, uniq_robin

Skill      XL: |  1  2  3  4  5  6  7 |
---------------+----------------------+-----
Fighting       | 1 2 3 4 |  4.2
Spellcasting   | 3 4 5 |  5.4
Dodging        | |  2.1
Stealth        | |  1.5

Action                   |  1- 3 |  4- 6 |  7- 9 || total
-------------------------+-------+-------+-------++-------
Melee: Unarmed           |     3 |     8 |       ||    11
       Dagger            |       |       |    21 ||    21
 Cast: Sting             |    59 |    67 |    18 ||   144
       Poisonous Vapours |       |    11 |     6 ||    17
       Mephitic Cloud    |       |     1 |     3 ||     4
       Olgreb's Toxic Ra |       |     7 |     7 ||    14
       Blink             |       |       |     1 ||     1
  Use: Potion            |       |     2 |     2 ||     4
 Stab: Confused          |       |       |     3 ||     3
Armor: Robe              |     3 |     7 |     3 ||    13
Dodge: Dodged            |    15 |    32 |    17 ||    64

Table legend: (Time is in decaauts)
 A = Elapsed time spent in this place.
 B = Non-inter-level travel time spent in this place.
 C = Inter-level travel time spent in this place.
 D = Time resting spent in this place.
 E = Time spent auto-exploring this place.
 F = Levels seen in this place.
 G = Mean time per level.
                   A        B        C        D        E       F      G
               +--------+--------+--------+--------+--------+-----+--------+
         Total |   6081 |   5922 |    159 |   1462 |   3780 |   4 | 1520.2 |
       Dungeon |   6081 |   5922 |    159 |   1462 |   3780 |   4 | 1520.2 |
               +--------+--------+--------+--------+--------+-----+--------+

Top non-repeatable levels by time:
     D:3: 2513 daAuts
     D:2: 1459 daAuts
     D:1: 1372 daAuts
     D:4: 736 daAuts
